 Dungeon Crawl Stone Soup version 0.29.1-15-g9cfb28693d (webtiles) character file.

Game seed: 18281882121159560427

0 subawu the Cudgeller (level 1, -2/19 HPs)
             Began as a Minotaur Berserker on Nov 11, 2022.
             Was a Follower of Trog.
             Slain by a hobgoblin (5 damage)
             ... on level 1 of the Dungeon on May 9, 2023.
             The game lasted 00:04:01 (525 turns).

subawu the Cudgeller (Minotaur Berserker)            Turns: 525, Time: 00:04:02

Health: -2/19      AC:  2    Str: 21    XL:     1   Next: 8%
Magic:  0/0        EV: 12    Int:  4    God:    Trog [*.....]
Gold:   26         SH:  0    Dex:  9    Spells: 0/0 levels left

rFire   . . .      SeeInvis .   a - +0 mace
rCold   . . .      Faith    .   (no shield)
rNeg    . . .      Spirit   .   b - +0 animal skin
rPois   .          Reflect  .   (helmet restricted)
rElec   .          Harm     .   (no cloak)
rCorr   .          Rampage  .   (no gloves)
Will    .....                   (no boots)
Stlth   +.........              (no amulet)
HPRegen 0.06/turn               (no ring)
MPRegen 0.07/turn               (no ring)

@: no status effects
A: horns 2, retaliatory headbutt
a: Renounce Religion, Berserk


You were on level 1 of the Dungeon.
You worshipped Trog.
Trog was aware of your devotion.
You visited 1 branch of the dungeon, and saw 1 of its levels.

You collected 26 gold pieces.

Inventory:

Hand Weapons
 a - a +0 mace (weapon)
Armour
 b - a +0 animal skin (worn)
Scrolls
 c - a scroll of fear {unknown}
Potions
 d - a potion of flight {unknown}


   Skills:
 + Level 3.6 Fighting
 + Level 3.6 Maces & Flails
 + Level 2.4 Armour
 + Level 2.2 Dodging


You couldn't memorise any spells.
You didn't know any spells.
Your spell library was empty.

Dungeon Overview and Level Annotations

Branches:
Dungeon (1/15)

Altars:


Innate Abilities, Weirdness & Mutations

You have a pair of horns on your head.
You reflexively headbutt those who attack you in melee.


Message History

Unknown command.
Found 6 poisoned darts.
A ball python comes into view.
The ball python hisses angrily.
A hobgoblin comes into view.
The ball python barely misses you. The ball python grabs you.
The ball python constricts you.
You escape the ball python's grasp.
The ball python bites you. The ball python closely misses you.
The ball python bites you but does no damage.
The ball python closely misses you.
The hobgoblin hits you but does no damage.
The ball python bites you. The ball python barely misses you.
The hobgoblin closely misses you. The ball python bites you.
The ball python barely misses you. The hobgoblin hits you.
The ball python misses you. The ball python grabs you.
The ball python constricts you.
You escape the ball python's grasp.
You hit the hobgoblin.
The hobgoblin is moderately wounded.
The ball python bites you but does no damage.
The ball python grabs you. The ball python constricts you.
The hobgoblin hits you. The ball python barely misses you.
You furiously retaliate!
You headbutt the ball python. The ball python constricts you.
You escape the ball python's grasp.
The hobgoblin hits you. The ball python bites you. The ball python grabs you.
The ball python constricts you.
You escape the ball python's grasp.
The hobgoblin attacks as you move away! The hobgoblin misses you.
You barely miss the hobgoblin.
The hobgoblin is moderately wounded.
The ball python barely misses you. You furiously retaliate!
You headbutt the ball python!
You kill the ball python!
Trog accepts your kill. The hobgoblin hits you.
* * * LOW HITPOINT WARNING * * *
The hobgoblin hits you.
You die...

~~~~~#.##♣♣ ######.##.♣
..P♣ #..##.# ♣..P♣ #.#...#
.P.P #...### ♣..♣# ####.##
#...# ##### ####.....##
#...###..... ......##..#
#.......# ......###.##
##)@....# ......#
#..###..g†.###
##.#######.#...#....#
...[..(......#####.....PP.
##..#####............PPP..
###.####..[...........♣P .
.........#######..#..P♣
###.#.................♣
#.#..###########.#PP♣


You could see a hobgoblin.

Vanquished Creatures
  A ball python (D:1)
  A rat (D:1)
2 creatures vanquished.

Notes
Turn   | Place    | Note
-------+----------+-------------------------------------------
     0 | D:1      | subawu the Minotaur Berserker began the quest for the Orb.
     0 | D:1      | Reached XP level 1. HP: 19/19 MP: 0/0
   408 | D:1      | Upgraded the game from 0.29.1-2-gbd0b4ee654 to
                  | 0.29.1-15-g9cfb28693d
   525 | D:1      | Slain by a hobgoblin

Illustrated notes

Levels and vault maps discovered:
D:1:      scummos_arrival_hexagon, layout_rooms, serial_shops, shop_fountains,
          serial_forest, infiniplex_forest_clump_medium,
          infiniplex_forest_lined_4_way, infiniplex_forest_zigzag_2,
          infiniplex_forest_straight_5, infiniplex_forest_straight_2,
          infiniplex_forest_diagonal, infiniplex_forest_straight_3,
          infiniplex_forest_clump_double, infiniplex_forest_end_1,
          roderic_lattice_a, amcnicky_mini_rare_corridor_liquid, minivault_14,
          chequers_serial_rivers_room_a

Action                   || total
-------------------------++-------
Melee: Mace              ||     4
Armor: Animal skin       ||     3
Dodge: Dodged            ||    11
